 Dungeon Crawl Stone Soup version 0.26-a0-651-gb41185065b (webtiles) character file.

Game seed: 11981941151132474724

2415 Klosterheim the Covert (level 9, 0/75 HPs)
             Began as a Naga Ice Elementalist on Oct 18, 2020.
             Was a High Priest of Cheibriados.
             Slain by a hippogriff (5 damage)
             ... on level 8 of the Dungeon on Oct 19, 2020.
             The game lasted 00:30:03 (11082 turns).

Klosterheim the Covert (Naga Ice Elementalist)     Turns: 11082, Time: 00:30:04

Health: 0/75       AC:  7    Str: 22    XL:     9   Next: 47%
Magic:  2/16       EV: 16    Int: 31    God:    Cheibriados [*****.]
Gold:   517        SH:  0    Dex: 24    Spells: 6/18 levels left

rFire    . . .     SeeInvis +   b - +2 dagger (venom)
rCold    + . .     Faith    +   (no shield)
rNeg     . . .     Spirit   .   x - +1 ring mail
rPois    +         Reflect  .   (no helmet)
rElec    .         Harm     .   (no cloak)
rCorr    .         Rampage  .   y - +0 pair of gloves
MR       +....                  (no barding)
Stlth    ++++......             g - amulet of faith
HPRegen  0.22/turn              c - +4 ring of evasion
MPRegen  0.15/turn              h - ring of protection from cold

@: very slightly contaminated, lightly drained, invisible, very slow
A: large, see invisible, deformed body, poison resistance, slowness 2, spit
poison 1, AC +3
a: Spit Poison, Bend Time, Temporal Distortion, Slouch, Step From Time, Renounce
Religion


You were on level 8 of the Dungeon.
You worshipped Cheibriados.
Cheibriados was extremely pleased with you.
You visited 1 branch of the dungeon, and saw 8 of its levels.
You also visited: Ossuary.

You collected 517 gold pieces.

Inventory:

Hand Weapons
 b - a +2 dagger of venom (weapon)
 j - a +3 falchion of freezing
 C - a cursed +3 battleaxe
Armour
 x - a +1 ring mail (worn)
 y - a +0 pair of gloves (worn)
Jewellery
 c - a +4 ring of evasion (left hand)
 g - an amulet of faith (around neck)
 h - a ring of protection from cold (right hand)
Wands
 p - a wand of enslavement (3)
 s - a wand of paralysis (3)
 u - a wand of polymorph (6)
 A - a wand of disintegration (12)
Scrolls
 a - 2 scrolls of remove curse
 e - 3 scrolls of magic mapping
 f - 4 scrolls of immolation
 k - 3 scrolls of fear
 l - 2 scrolls of amnesia
 q - a scroll of enchant weapon
Potions
 i - 7 potions of brilliance
 m - 4 potions of curing
 n - 2 potions of berserk rage
 o - a potion of ambrosia
 r - a potion of invisibility
 v - a potion of resistance {unknown}
 w - a potion of might {unknown}
 B - a potion of flight {unknown}


   Skills:
 - Level 3.0(2.4) Fighting
 + Level 1.8(1.3) Armour
 + Level 4.7(4.1) Dodging
 + Level 8.8(8.2) Stealth
 - Level 5.0(4.4) Spellcasting
 - Level 2.0(1.4) Conjurations
 - Level 3.0(2.4) Summonings
 + Level 6.7(6.1) Ice Magic
 - Level 3.0(2.4) Invocations


You had 6 spell levels left.
You knew the following spells:

 Your Spells              Type           Power        Failure   Level
a - Freeze                Ice            ####         1%          1
b - Ozocubu's Armour      Ice            #####...     2%          3
c - Summon Ice Beast      Ice/Summ       ####....     16%         4
d - Hailstorm             Conj/Ice       ####....     21%         4

Your spell library contained the following spells:

 Spells                   Type           Power        Failure   Level
 Frozen Ramparts          Ice            #####.       2%          3


Dungeon Overview and Level Annotations

Branches:
Dungeon (8/15)             Temple (0/1) D:7         Ossuary (visited)
   Lair: D:8-11

Altars:
Cheibriados
Fedhas
Kikubaaqudgha
Qazlal
Trog
Yredelemnul


Innate Abilities, Weirdness & Mutations

You cannot wear boots.
Your serpentine skin is tough. (AC +3)
You have supernaturally acute eyesight. (SInv)
Armour fits poorly on your strangely shaped body.
Your system is resistant to poisons. (rPois)
You cover ground very slowly.
You can spit poison.


Message History

The hippogriff bites you!
* * * LOW HITPOINT WARNING * * *
The hippogriff completely misses you. The hippogriff claws you.
* * * LOW HITPOINT WARNING * * *
The orc hits you but does no damage.
You feel much better. The hippogriff bites you!
* * * LOW HITPOINT WARNING * * *
The hippogriff pecks you but does no damage.
The hippogriff claws you.
* * * LOW HITPOINT WARNING * * *
You fade into invisibility!
The orc closely misses you. The hippogriff closely misses you.
The hippogriff pecks you!
* * * LOW HITPOINT WARNING * * *
The hippogriff closely misses you. The orc closely misses you.
The orc hits you with a +0 hand axe.
* * * LOW HITPOINT WARNING * * *
The hippogriff misses you. The hippogriff barely misses you.
The hippogriff claws you.
You die...

. #. ..
#.##.# ###.#
#....# ....#
#....#.##.###
#............
#.H.....##..#
#.S..#!).#
#.##.##Ho.# .
#. #@..#
#..........#
###.....####
#.....#
........
##.....##.
#...... .
###./.).


You could see a hippogriff (very poisoned) and an orc.

Vanquished Creatures
  Sigmund (D:3)
  An orc warrior (D:4)
  A sky beast (D:5)
  2 centaurs (D:5)
  2 big kobolds (D:3)
  2 elf zombies (Ossuary)
  2 bullfrogs
  A wyvern skeleton (D:6)
  A scorpion (D:4)
  2 wights (D:7)
  2 howler monkeys
  An orc priest (D:5)
  A jelly (D:7)
  A centaur skeleton (D:4)
  4 human zombies (Ossuary)
  5 hounds
  A bullfrog skeleton (D:6)
  2 orc wizards
  Natasha (thrice) (D:2)
  3 iguanas
  A worker ant (D:6)
  A killer bee zombie (D:5)
  3 hound zombies (Ossuary)
  2 hound skeletons
  3 mummies (Ossuary)
  A worker ant zombie (D:5)
  6 gnolls (D:3)
  11 adders
  6 white imps
  2 adder skeletons
  5 adder zombies (Ossuary)
  2 dart slugs (D:3)
  2 leopard geckos
  12 orcs
  2 ball pythons
  A bat zombie (D:2)
  3 giant cockroaches
  3 gnoll zombies
  35 goblins
  24 hobgoblins
  2 jackals (D:2)
  12 kobolds
  2 quokkas
  10 bats
  3 frilled lizards
  5 goblin zombies (Ossuary)
  2 hobgoblin zombies (Ossuary)
  A jackal skeleton (D:7)
  A jackal zombie (D:5)
  5 kobold zombies (Ossuary)
  A leopard gecko skeleton (D:5)
  A leopard gecko zombie (D:2)
  A quokka skeleton (D:4)
  4 rats
  3 rat zombies (Ossuary)
216 creatures vanquished.

Vanquished Creatures (collateral kills)
  A big kobold (D:3)
  3 wights (D:7)
  A gnoll (D:3)
  An adder zombie (Ossuary)
  2 goblins (D:3)
  4 hobgoblins (D:3)
  A kobold zombie (Ossuary)
  2 quokka zombies (Ossuary)
  3 rat zombies (Ossuary)
18 creatures vanquished.

Vanquished Creatures (others)
  5 fungi (D:3)
  4 plants (D:3)
  2 withered plants (D:2)
11 creatures vanquished.

Grand Total: 245 creatures vanquished

Notes
Turn   | Place    | Note
-------+----------+-------------------------------------------
     0 | D:1      | Klosterheim the Naga Ice Elementalist began the quest for
                  | the Orb.
     0 | D:1      | Reached XP level 1. HP: 15/15 MP: 3/3
   310 | D:1      | Reached XP level 2. HP: 22/22 MP: 0/5
  1413 | D:2      | Reached XP level 3. HP: 28/28 MP: 6/6
  1668 | D:2      | Reached skill level 4 in Stealth
  1930 | D:2      | Noticed Natasha
  1934 | D:2      | Killed Natasha
  1934 | D:2      | Reached XP level 4. HP: 36/36 MP: 5/8
  2097 | D:2      | Noticed Natasha
  2114 | D:2      | Killed Natasha
  2114 | D:2      | Reached XP level 5. HP: 10/42 MP: 5/9
  2804 | D:2      | Noticed Natasha
  2812 | D:2      | Killed Natasha
  3097 | D:3      | Found a blossoming altar of Fedhas.
  3102 | D:3      | Reached skill level 5 in Stealth
  3159 | D:3      | Found a stormy altar of Qazlal.
  3337 | D:3      | Noticed Sigmund
  3574 | D:4      | Noticed a phantom
  3579 | D:4      | Reached skill level 5 in Ice Magic
  3579 | D:4      | Reached XP level 6. HP: 38/49 MP: 5/11
  3609 | D:5      | Entered Level 5 of the Dungeon
  3783 | D:5      | Found an ancient bone altar of Kikubaaqudgha.
  3931 | D:5      | Reached skill level 6 in Stealth
  4032 | D:5      | Reached XP level 7. HP: 40/55 MP: 12/12
  4532 | D:5      | Reached skill level 7 in Stealth
  4746 | D:5      | Learned a level 3 spell: Ozocubu's Armour
  5130 | D:5      | Found a basalt altar of Yredelemnul.
  5593 | D:3      | Learned a level 4 spell: Summon Ice Beast
  5637 | D:3      | Found a snail-covered altar of Cheibriados.
  5772 | D:3      | Killed Sigmund
  5772 | D:3      | Reached skill level 1 in Summonings
  5772 | D:3      | Reached XP level 8. HP: 63/63 MP: 14/14
  5805 | D:3      | Became a worshipper of Cheibriados the Contemplative
  5943 | D:3      | Reached skill level 1 in Fighting
  5957 | D:3      | Reached * piety under Cheibriados
  6165 | D:3      | Reached ** piety under Cheibriados
  6469 | D:3      | Reached *** piety under Cheibriados
  6476 | D:3      | Reached skill level 1 in Invocations
  7497 | D:6      | Noticed a nameless horror
  7755 | D:6      | Learned a level 4 spell: Hailstorm
  7816 | D:6      | Reached skill level 8 in Stealth
  8303 | D:6      | Reached **** piety under Cheibriados
  8673 | D:6      | Reached skill level 1 in Armour
  8673 | D:6      | Reached skill level 1 in Conjurations
  8904 | D:7      | Reached XP level 9. HP: 73/73 MP: 16/16
  9025 | D:7      | Found a staircase to the Ecumenical Temple.
  9103 | D:7      | Found a sand-covered staircase.
  9108 | Ossuary  | Entered an ossuary
  9126 | Ossuary  | Reached skill level 5 in Spellcasting
  9822 | Ossuary  | Reached ***** piety under Cheibriados
 10875 | D:7      | Found a bloodstained altar of Trog.
 11082 | D:8      | Slain by a hippogriff

Illustrated notes

Levels and vault maps discovered:
D:1:      doesnt_arrival_eight_statues, layout_loops_ring
D:2:      layout_basic, serial_undead, serial_undead_e, serial_undead_c,
          serial_undead_c, serial_undead_b, st_stairs_4, uniq_natasha
D:3:      minmay_goblin_kobold_castle, layout_basic, grunt_qazlal_clouds,
          kennysheep_slug_shrine, fedhas_altar_3, uniq_sigmund
D:4:      layout_cave_pools, grunt_temple_overflow_open
D:5:      layout_loops_corners, lemuel_zombie_altar_yredelemnul,
          overflow_temple_1_default, kennysheep_windowed_goal
D:6:      layout_cave_pods
D:7:      layout_basic, lemuel_doored_altar, minmay_temple_entry_tees,
          enter_ossuary_2
D:8:      layout_loops_ring, serial_shops, shop, basic_altar,
          kennysheep_another_room, grunt_decor_resistance, uniq_maurice,
          uniq_erica

Skill      XL: |  1  2  3  4  5  6  7  8  9 |
---------------+----------------------------+-----
Dodging        | 2 3 4 |  4.7
Stealth        | 4 5 6 7 8 |  8.8
Spellcasting   | 3 4 5 |  5.0
Ice Magic      | 5 6 |  6.7
Summonings     | 1 2 3 |  3.0
Fighting       | 2 3 |  3.0
Invocations    | 2 3 |  3.0
Armour         | 1 |  1.8
Conjurations   | 1 2 |  2.0

Action                   |  1- 3 |  4- 6 |  7- 9 || total
-------------------------+-------+-------+-------++-------
Melee: Unarmed           |     7 |       |       ||     7
       Dagger            |    94 |    98 |   629 ||   821
 Cast: Freeze            |    16 |    23 |    87 ||   126
       Ozocubu's Armour  |       |       |    10 ||    10
       Summon Ice Beast  |       |       |    10 ||    10
       Hailstorm         |       |       |     2 ||     2
 Abil: Spit Poison       |       |       |     1 ||     1
Evoke: Wand              |       |       |     5 ||     5
  Use: Scroll            |       |    11 |     9 ||    20
       Potion            |       |       |     3 ||     3
 Stab: Sleeping          |     6 |     2 |    15 ||    23
       Distracted        |       |     1 |     2 ||     3
       Paralysed         |       |       |     3 ||     3
Armor: Robe              |    16 |    21 |    37 ||    74
       Ring mail         |       |       |   126 ||   126
Dodge: Dodged            |    87 |   102 |   700 ||   889

Table legend: (Time is in decaauts)
 A = Elapsed time spent in this place.
 B = Non-inter-level travel time spent in this place.
 C = Inter-level travel time spent in this place.
 D = Time resting spent in this place.
 E = Time spent auto-exploring this place.
 F = Levels seen in this place.
 G = Mean time per level.
                   A        B        C        D        E       F      G
               +--------+--------+--------+--------+--------+-----+--------+
         Total |  15736 |  14255 |   1481 |   3158 |   8169 |   9 | 1748.4 |
       Dungeon |  14552 |  13071 |   1481 |   2787 |   7796 |   8 | 1819.0 |
       Ossuary |   1183 |   1183 |      0 |    371 |    373 |   1 | 1183.0 |
               +--------+--------+--------+--------+--------+-----+--------+

Top non-repeatable levels by time:
     D:3: 3540 daAuts
     D:7: 2529 daAuts
     D:5: 2376 daAuts
     D:6: 2184 daAuts
     D:2: 1794 daAuts
     D:1: 1660 daAuts
 Ossuary: 1183 daAuts
     D:4: 414 daAuts
     D:8: 52 daAuts
